[Event "*** Titled Tuesday Blitz"]
[Site "Chess.com"]
[Date "2019.07.02"]
[Round "7"]
[White "vlad_Sid"]
[Black "wonderfultime"]
[Result "0-1"]
[WhiteElo "2551"]
[BlackElo "2907"]
[TimeControl "180+2"]
[EndTime "14:38:47 PDT"]
[Termination "wonderfultime won by resignation"]

1. c4 Nf6 2. g3 e6 3. Bg2 d5 4. Nf3 dxc4 5. Qa4+ Bd7 6. Qxc4 c5 7. Ne5 Qc8 8. O-O Nc6 9. Nxd7 Qxd7 10. b3 Be7 11.
Bb2 O-O 12. d3 Rac8 13. Qc2 Rfd8 14. Nc3 b6 15. Qd2 h6 16. Rac1 Nd4 17. Rfd1 Qd6 18. e3 Nc6 19. Qe2 Bf8 20. Nb5 Qe7 21. d4 a6 22. Na3 Nb4 23. Nc4 cxd4 24. Bxd4 b5 25. Nb6 Rxc1 26. Rxc1 e5 27. Bc5 Qe6 28. Bxb4 Bxb4 29.
Rc6 Qf5 30. e4 Qg5 31. Nd5 Nxd5 32. exd5 a5 33. h4 Qf5 34. Qxb5 Qb1+ 35. Kh2 Qxa2 36. Qb6 Rf8 37. Qe3 Qb2 38. Rc4 Rd8 39. Rc1 g6 40.
Rd1 h5 41. Be4 Rd6 42. Rc1 Bd2 43. Rc8+ Kg7 44. Qe2 Bc3 45. Qf3 Bd4 46. Kg2 Rf6 47. Rc2 Rxf3 48. Rxb2 Rxg3+ 49. fxg3 Bxb2 50. d6 Ba3 51. d7 Be7 52. Bc6 f5 53. Kf3 Kf6 54. Bb5 Bd8 55. Ba4 Bc7 56. Bb5 e4+ 57. Kf2 Bb6+ 58.
Kg2 Bc7 59. Bc4 g5 60. Bb5 gxh4 61. gxh4 Ke5 62. Kf2 Bd8 63. Be2 Bxh4+ 64. Kg2 f4 65. Kh3 Bd8 66. Bxh5 Kd4 67. Kg2 Ke3 68. Kf1 f3 69.
Bg4 Kf4 70. Be6 e3 71. Bc4 Ke5 72. Bb5 Bh4 73. Bc4 Kd4 74. Bb5 Kc3 75. Bc4 a4 76.
bxa4 Kxc4 0-1

[Event "*** Titled Tuesday Blitz"]
[Site "Chess.com"]
[Date "2019.07.02"]
[Round "7"]
[White "2nd_life"]
[Black "MITerryble"]
[Result "1/2-1/2"]
[WhiteElo "2522"]
[BlackElo "2822"]
[TimeControl "180+2"]
[EndTime "14:38:57 PDT"]
[Termination "Game drawn by repetition"]

1. e4 e6 2. Nf3 d5 3. e5 c5 4. b4 cxb4 5. d4 Nc6 6. a3 f6 7. axb4 Bxb4+ 8. c3 Be7 9. Ba3 fxe5 10.
Nxe5 Nxe5 11. dxe5 Qc7 12. Qd4 Nh6 13. Bd3 O-O 14. O-O a6 15. f4 Bxa3 16. Nxa3 Bd7 17. c4 dxc4 18. Nxc4 Bb5 19. Rac1 Bxc4 20. Bxc4 Qe7 21.
Qb6 Rae8 22. Rb1 Kh8 23. h3 Nf5 24. Kh2 g5 25. Bd3 gxf4 26. Rxf4 Qg7 27. Bxf5 Qxe5 28. Qd4 exf5 29. Qxe5+ Rxe5 30. Rxb7 Kg8 31. Rh4 Rf7 32.
Rxf7 Kxf7 33. Rxh7+ Kg6 34. Ra7 Ra5 35. Ra8 Ra3 36.
Kg1 Ra2 37. Kf1 a5 38. Rg8+ Kf7 39. Rb8 a4 40. Ra8 a3 41. Kg1 Kf6 42. Ra5 f4 43. h4 Kg6 44. h5+ Kh6 45. Kh1 Ra1+ 46. Kh2 a2 47.
Ra6+ Kxh5 48. Ra8 Kg4 49. Ra7 Kf5 50. Ra8 Ke5 51. Re8+ Kd4 52. Ra8 Ke3 53. Ra3+ Kd2 54.
Ra8 Kc2 55. Rc8+ Kb3 56. Rb8+ Kc4 57. Rc8+ Kd5 58. Rd8+ Ke5 59. Re8+ Kf5 60. Ra8 Ke6 61. Ra7 Kd6 62. Ra8 Kc6 63. Ra7 Kb6 64. Ra8 Kb5 65. Ra7 Kb4 66. Rb7+ Kc3 67. Rc7+ Kd3 68. Rd7+ Ke2 69. Ra7 Ke3 70. Ra8 Kf2 71. Ra4 f3 72.
gxf3 Kxf3 73. Ra8 Ke3 74. Ra7 Kd3 75. Ra8 Kc4 76. Rc8+ Kb4 77. Rb8+ Ka5 78. Ra8+ Kb6 79. Kg2 Kb7 80. Ra3 Kc6 81. Ra8 Kb5 82. Kh2 Kc4 83.
Rc8+ Kb3 84. Rb8+ Kc2 85. Rc8+ Kb2 86. Rb8+ Kc1 87. Rc8+ Kb1 88. Rb8+ Kc2 89. Rc8+ Kb3 90. Rb8+ Ka3 91. Ra8+ Kb4 92. Rb8+ Kc4 93. Rc8+ 1/2-1/2

[Event "*** Titled Tuesday Blitz"]
[Site "Chess.com"]
[Date "2019.07.02"]
[Round "7"]
[White "kosya4ok"]
[Black "platy3"]
[Result "0-1"]
[WhiteElo "2760"]
[BlackElo "2828"]
[TimeControl "180+2"]
[EndTime "14:38:57 PDT"]
[Termination "platy3 won on time"]

1. d4 Nf6 2. c4 e6 3. Nf3 d5 4. Nc3 dxc4 5. e4 b5 6. e5 Nd5 7.
Nxb5 Nb6 8. Be2 Nc6 9. O-O Be7 10. Qd2 Bb7 11. Qf4 Qd7 12. Nc3 O-O-O 13. Rd1 Nb4 14.
Qxf7 Rdf8 15. Qh5 Rf5 16. Qg4 Qe8 17. h4 h5 18. Qg3 Rhf8 19. Be3 Nd3 20. b3 Nf4 21.
Bxf4 Rxf4 22. bxc4 Rg4 23. Qh3 Qg6 24. d5 Bc5 25.
Bd3 Qf7 26. Ne4 Be7 27. Nfg5 Bxg5 28. hxg5 exd5 29. cxd5 Nxd5 30. Be2 Qf4 31. Bxg4+ hxg4 32. Qd3 Rh8 33. Ng3 Qxg5 34. Rab1 Nf4 35. Qd7+ Kb8 36.
Rxb7+ Ka8 37. Rdb1 Qh6 38. Rb8+ Rxb8 39. Rxb8+ Kxb8 40. Qxg4 g5 41. Ne4 Qc6 42. Nxg5 Nd3 43. Ne4 Nxe5 44. Qg8+ Kb7 45. Qb3+ Kc8 46. f3 Qc1+ 47.
Kf2 Qc6 48. Qg8+ Kb7 49. Qb3+ Kc8 50. Qc3 Qb6+ 51. Kg3 Qg6+ 52. Kf2 Qb6+ 53. Ke2 Qa6+ 54. Ke3 Nc4+ 55. Kd4 Nb6 56. a3 Qa4+ 57. Ke5 Nc4+ 58. Kf4 Nxa3 59. Qh8+ Kb7 60. g4 Nb5 61. g5 Nd6 62. g6 Qd7 63. Qb2+ Kc8 64. Qh8+ Ne8 65. Qf8 a5 66. Nf6 Qd4+ 67. Kf5 Qd3+ 68. Kg5 Qe3+ 69. f4 Qg3+ 70. Kf5 Qh3+ 0-1

[Event "*** Titled Tuesday Blitz"]
[Site "Chess.com"]
[Date "2019.07.02"]
[Round "7"]
[White "tteshan"]
[Black "vova-79"]
[Result "0-1"]
[WhiteElo "2227"]
[BlackElo "2399"]
[TimeControl "180+2"]
[EndTime "14:38:57 PDT"]
[Termination "vova-79 won by resignation"]

1. d4 d5 2. c4 c6 3. Nc3 Nf6 4. e3 e6 5. Bd3 Nbd7 6. Nf3 dxc4 7. Bxc4 b5 8. Bd3 Bb7 9. O-O a6 10. a4 b4 11. Ne2 c5 12. Ng3 Ke7 13. b3 g6 14. Bb2 Bg7 15. Qe2 Qb6 16. Rac1 Rhd8 17.
Rfd1 Kf8 18. dxc5 Nxc5 19. Bd4 Rac8 20. Bb1 Nd5 21. Bxg7+ Kxg7 22. Qb2+ Nc3 23. Ne2 Rxd1+ 24. Rxd1 Kg8 25. Nxc3 bxc3 26. Qxc3 Nxa4 27. Qf6 Nc3 28. Re1 Nd5 29. Qd4 Qxb3 30. Nd2 Qc3 31. Qxc3 Nxc3 32. f3 Rd8 33. Nc4 Bd5 34. Nb6 Bb3 35. Kf2 Rd6 36. Nc8 Rd2+ 37. Kg3 a5 38. Ne7+ Kf8 39.
Nc6 a4 40. Nd4 Bd5 41. Rc1 Ne2+ 42. Nxe2 Rxe2 43. Rc8+ Kg7 44. Rc3 Rb2 45. Bd3 Rb3 46.
Rxb3 Bxb3 47. e4 a3 48. Bb1 e5 49. Kf2 Kf6 50. Ke3 Ke7 51. Kd3 a2 52. Bxa2 Bxa2 53. g3 Kd6 54. Ke3 f6 55. h4 Bb1 56. f4 exf4+ 57. gxf4 f5 58. e5+ Kd5 59. Kf3 Kd4 60. e6 Be4+ 61. Kg3 Bc6 62. h5 gxh5 63. Kh4 Kd5 64.
e7 Ke6 65. Kxh5 Kxe7 66. Kh6 Ke6 67. Kxh7 Kd5 68. Kg6 Ke4 69. Kg5 Bd7 0-1

[Event "*** Titled Tuesday Blitz"]
[Site "Chess.com"]
[Date "2019.07.02"]
[Round "7"]
[White "GrigorGrigorov"]
[Black "TST2014"]
[Result "1-0"]
[WhiteElo "2781"]
[BlackElo "2571"]
[TimeControl "180+2"]
[EndTime "14:39:00 PDT"]
[Termination "GrigorGrigorov won on time"]

1. d4 Nf6 2. c4 d6 3. Nf3 g6 4.
g3 Bg7 5. Bg2 O-O 6. O-O Bf5 7.
Qb3 Qc8 8. Nc3 Nc6 9. d5 Nb8 10. Nd4 Bh3 11. e4 Na6 12. Qd1 Nc5 13. f3 a5 14. Be3 h5 15. Qd2 h4 16. g4 Bxg2 17. Qxg2 Nfd7 18. Rad1 Nb6 19. Qe2 e5 20. Ndb5 f5 21.
gxf5 gxf5 22. Bxc5 dxc5 23. exf5 Rxf5 24. Ne4 Qd7 25.
Nxc5 Qf7 26. Ne6 Rc8 27. Kh1 Bh6 28. Rg1+ Kh8 29. Qe4 Rg8 30. Qxh4 Rh5 31. Rxg8+ Kxg8 32. Rg1+ Kh8 33. Qg4 Bf4 34. h4 Nxc4 35. Nbxc7 Ne3 36. Nd8 Nxg4 37. Nxf7+ Kg7 38. Rxg4+ Kxf7 39. Ne6 Ke7 40.
Nxf4 exf4 41. Rxf4 Rxd5 42. Re4+ Kf6 43. Re2 Rd4 44. Kg2 Rxh4 45. Kg3 Ra4 46. b3 Rd4 47. Re4 Rd2 48. Ra4 b6 49. Kf4 Rd5 50. Ke4 Re5+ 51.
Kd3 Rd5+ 52. Rd4 Rb5 53. Kc4 Rc5+ 54. Kd3 Rb5 55. f4 Kf5 56. Kc3 Rc5+ 57. Kb2 b5 58. a3 Kg4 59. b4 axb4 60. axb4 Rf5 61. Kc3 Kf3 62. Kd3 Kg4 63. Ke3 Kg3 64. Rd8 Rxf4 65. Rg8+ Rg4 66. Rxg4+ Kxg4 67. Kd4 Kf5 68. Kc5 Ke6 69. Kxb5 Kd7 70. Kb6 Kc8 71. b5 Kb8 72. Ka6 Ka8 73. b6 Kb8 74. b7 1-0

[Event "*** Titled Tuesday Blitz"]
[Site "Chess.com"]
[Date "2019.07.02"]
[Round "7"]
[White "Aleksandr_Kholin"]
[Black "swisspower96"]
[Result "0-1"]
[WhiteElo "2392"]
[BlackElo "2740"]
[TimeControl "180+2"]
[EndTime "14:40:10 PDT"]
[Termination "swisspower96 won by resignation"]

1. Nf3 d5 2. g3 c6 3. Bg2 Bg4 4. O-O Nd7 5. h3 Bh5 6. d4 e6 7. Be3 Ngf6 8. Nbd2 Be7 9. Ne5 O-O 10. Ndf3 Nb6 11.
Rc1 Bg6 12. Nxg6 hxg6 13. Ne5 Bd6 14. f4 Ne4 15. Bxe4 dxe4 16. c4 Qe8 17. c5 Nd5 18. Qb3 Bc7 19. Bf2 f6 20. Nc4 Rb8 21. e3 Qe7 22. Qa3 a6 23. b4 f5 24. h4 Nf6 25.
Qb3 Rfd8 26. a4 Qe8 27. Kg2 Ng4 28. Rb1 b5 29. cxb6 Bxb6 30. Rfc1 Bc7 31. Qa2 Rd5 32.
Rc2 Qe7 33. Be1 Kf7 34. Rcb2 Qe8 35. Qa3 Kg8 36. Rb3 Bd8 37. Qa2 Be7 38. Qb2 Qf7 39. Kh3 g5 40. fxg5 Qh5 41. Kg2 Kf7 42. b5 axb5 43. axb5 Rbxb5 44. Rxb5 cxb5 45. Ne5+ Nxe5 46. dxe5 Qf3+ 47. Kh3 Qxe3 48. Qf2 Qxf2 49. Bxf2 Rxe5 50.
Rc1 b4 51. Rc7 e3 52. Be1 Re4 53. Rb7 e2 54. h5 Ke8 55. h6 gxh6 56. gxh6 Bf6 57. h7 Rc4 58. Rb8+ Kf7 59. h8=Q Bxh8 60. Rxh8 b3 61. Rb8 Rc1 62. Bf2 Rf1 63. Kg2 Rb1 64.
Kf3 e1=Q 65. Bxe1 Rxe1 66. Rxb3 Kf6 67. Rc3 e5 68. Ra3 Kg5 69. Ra8 Rb1 70. Rg8+ Kf6 71.
Rf8+ Kg6 72. Rg8+ Kf7 73. Ra8 Rb3+ 74. Kf2 Kf6 75. Rf8+ Kg6 76. Rg8+ Kf7 77. Ra8 e4 78. Rc8 Ke6 79. Re8+ Kf7 80. Rc8 Ra3 81. Rb8 Rf3+ 82. Kg2 Ke6 83. Re8+ Kd5 84. Rd8+ Kc4 85. Rd7 Ra3 86.
Rf7 Ra2+ 87. Kf1 Ra5 88. Kf2 Kd4 89. Rd7+ Rd5 90. Rb7 Kd3 91. Rb3+ Kc4 92. Rb8 Kc3 93. Ke3 Rd3+ 94. Kf4 Rf3+ 95. Ke5 e3 96. Rc8+ Kd2 97. Rd8+ Ke1 98. Kd4 e2 99. Re8 Kf1 0-1

[Event "*** Titled Tuesday Blitz"]
[Site "Chess.com"]
[Date "2019.07.02"]
[Round "8"]
[White "amylazy"]
[Black "EndgameGrinder"]
[Result "0-1"]
[WhiteElo "2415"]
[BlackElo "2571"]
[TimeControl "180+2"]
[EndTime "14:43:57 PDT"]
[Termination "EndgameGrinder won by resignation"]

1. d4 Nf6 2. Nf3 c5 3. d5 e6 4. dxe6 fxe6 5. c4 d5 6. cxd5 exd5 7. e3 Be7 8. Bb5+ Nc6 9. O-O O-O 10. h3 Ne4 11.
Nc3 Nxc3 12. bxc3 Be6 13. Rb1 Qe8 14. Ne5 Bd6 15. Bxc6 bxc6 16. Ng4 h5 17. Nh2 Qg6 18. Rb7 Bxh3 19. g3 Bxg3 20. Kh1 Bxh2 0-1

[Event "*** Titled Tuesday Blitz"]
[Site "Chess.com"]
[Date "2019.07.02"]
[Round "8"]
[White "colegiodemadrid"]
[Black "Alex_Molchanov"]
[Result "0-1"]
[WhiteElo "2444"]
[BlackElo "2569"]
[TimeControl "180+2"]
[EndTime "14:44:02 PDT"]
[Termination "Alex_Molchanov won by resignation"]

1. e4 c6 2. d4 d5 3. e5 Bf5 4.
h4 h5 5. Bd3 Bxd3 6. Qxd3 e6 7. Bg5 Be7 8. Nf3 Nh6 9. Nbd2 Nf5 10. Nf1 c5 11. c3 cxd4 12. cxd4 Qa5+ 13. Ke2 Qa6 14. Ne3 Nxe3 15. fxe3 Qxd3+ 16. Kxd3 Nc6 17. a3 f6 18. Bf4 Kd7 19. Rh3 Ke8 20. e4 Rd8 21.
exd5 Rxd5 22. Ke3 Kf7 23. Rhh1 Rhd8 24. Rhd1 R8d7 25. Rd2 Bd8 26. Rc1 Ba5 27. b4 Bb6 28. Rc4 fxe5 29. Ng5+ Ke7 30. Bg3 Nxd4 31. Ke4 Nf5 0-1

[Event "*** Titled Tuesday Blitz"]
[Site "Chess.com"]
[Date "2019.07.02"]
[Round "8"]
[White "Daniel-2003"]
[Black "SavelievAlexei"]
[Result "1-0"]
[WhiteElo "2307"]
[BlackElo "2352"]
[TimeControl "180+2"]
[EndTime "14:44:26 PDT"]
[Termination "Daniel-2003 won by resignation"]

1. e4 c5 2. Nf3 e6 3. d4 cxd4 4.
Nxd4 a6 5. Nc3 Qc7 6. Qf3 Nc6 7. Nxc6 bxc6 8. Qg3 Qxg3 9. hxg3 d5 10. Na4 Nf6 11. Nb6 Rb8 12. Nxc8 Rxc8 13. Bxa6 Rd8 14. exd5 exd5 15.
Bd3 Bd6 16. a4 O-O 17. a5 c5 18. O-O c4 19. Be2 Bc5 20. Bf3 h6 21. b3 cxb3 22.
cxb3 Rb8 23. Ba3 Ba7 1-0

[Event "*** Titled Tuesday Blitz"]
[Site "Chess.com"]
[Date "2019.07.02"]
[Round "8"]
[White "PotapovaM"]
[Black "Alopekos"]
[Result "0-1"]
[WhiteElo "2494"]
[BlackElo "2473"]
[TimeControl "180+2"]
[EndTime "14:44:37 PDT"]
[Termination "Alopekos won by resignation"]

1. d4 Nf6 2. c4 e6 3. Nf3 d5 4. Nc3 c5 5. cxd5 cxd4 6. Qa4+ Bd7 7. Qxd4 exd5 8. Nxd5 Qa5+ 9. Nc3 Nc6 10. Qe3+ Be7 11. g3 Nb4 12. Nd4 Qb6 13. Kd1 Ng4 14. Qf4 g5 15. Na4 Bxa4+ 0-1

[Event "*** Titled Tuesday Blitz"]
[Site "Chess.com"]
[Date "2019.07.02"]
[Round "8"]
[White "GremioPrudente"]
[Black "FMJoseHerrera"]
[Result "1/2-1/2"]
[WhiteElo "2225"]
[BlackElo "2612"]
[TimeControl "180+2"]
[EndTime "14:45:03 PDT"]
[Termination "Game drawn by repetition"]

1. Nf3 c5 2. c4 b6 3. g3 Bb7 4. Bg2 e6 5. O-O Qc7 6. Nc3 a6 7. d4 cxd4 8. Qxd4 Nf6 9. Na4 Bc5 10. Nxc5 bxc5 11. Qh4 d6 12. Bh6 O-O 13. Bxg7 Kxg7 14. Qg5+ Kh8 15. Qxf6+ Kg8 16. Qg5+ Kh8 17. Qf6+ Kg8 18.
Qg5+ Kh8 19. Qf6+ 1/2-1/2

[Event "*** Titled Tuesday Blitz"]
[Site "Chess.com"]
[Date "2019.07.02"]
[Round "8"]
[White "kosmeg"]
[Black "731291"]
[Result "0-1"]
[WhiteElo "2467"]
[BlackElo "2677"]
[TimeControl "180+2"]
[EndTime "14:45:04 PDT"]
[Termination "731291 won by resignation"]

1. d4 e6 2. c4 Nf6 3. g3 d5 4.
Bg2 Bb4+ 5. Nd2 O-O 6. Nf3 dxc4 7. Qc2 a5 8. Qxc4 Ra7 9. O-O b6 10. Qc2 Ba6 11. Re1 c5 12. a3 Bxd2 13. Qxd2 Rd7 14. b4 cxd4 15. Ne5 Rd6 16. b5 Bxb5 17. a4 Bc6 18.
Ba3 Bxg2 19. Kxg2 Ne4 20. Qc2 Nc5 21. Bxc5 bxc5 22. Qxc5 Rd5 0-1

[Event "*** Titled Tuesday Blitz"]
[Site "Chess.com"]
[Date "2019.07.02"]
[Round "8"]
[White "zurzan"]
[Black "PNEPaul"]
[Result "1-0"]
[WhiteElo "1936"]
[BlackElo "1829"]
[TimeControl "180+2"]
[EndTime "14:45:06 PDT"]
[Termination "zurzan won by resignation"]

1. e4 e5 2. Nf3 Nc6 3. d4 exd4 4. Bc4 Be7 5. Nxd4 d6 6. Nxc6 bxc6 7. O-O Nf6 8. Nc3 O-O 9. h3 Be6 10. Bd3 h6 11. f4 Ne8 12. f5 Bd7 13. Qf3 Bf6 14. g4 Bd4+ 15. Kh2 Bxc3 16. bxc3 Qf6 17. Rg1 Qxc3 18. Bf4 f6 19. Rab1 Qa3 20. Bc4+ 1-0

[Event "*** Titled Tuesday Blitz"]
[Site "Chess.com"]
[Date "2019.07.02"]
[Round "8"]
[White "Micki-taryan"]
[Black "aa175"]
[Result "1-0"]
[WhiteElo "2953"]
[BlackElo "2291"]
[TimeControl "180+2"]
[EndTime "14:45:22 PDT"]
[Termination "Micki-taryan won by resignation"]

1. Nf3 Nf6 2. g3 g6 3. Bg2 Bg7 4. O-O O-O 5. d4 d5 6. c3 c5 7. dxc5 Ne4 8. Ng5 Nxg5 9. Bxg5 Be6 10. Nd2 f6 11. Be3 Bf7 12. b4 e5 13. Nb3 f5 14.
Rc1 Nc6 15. f4 d4 16. cxd4 exd4 17. Bxc6 bxc6 18. Bxd4 Bxb3 19. Qxb3+ Kh8 20. Bxg7+ Kxg7 21. Rcd1 Qe7 22. Rd6 Qxe2 23. Qc3+ Kh6 24. Rd7 Rg8 25. Re1 Qg4 26. Ree7 1-0

[Event "*** Titled Tuesday Blitz"]
[Site "Chess.com"]
[Date "2019.07.02"]
[Round "8"]
[White "DACF2905"]
[Black "Mbneu"]
[Result "0-1"]
[WhiteElo "2221"]
[BlackElo "2330"]
[TimeControl "180+2"]
[EndTime "14:45:28 PDT"]
[Termination "Mbneu won by resignation"]

1. e4 c5 2. Nf3 Nf6 3. d4 Nxe4 4. Bd3 d5 5. Qe2 cxd4 6. Bxe4 dxe4 7. Qxe4 Nc6 8. O-O g6 9. Rd1 Bf5 10. Qe2 Bg7 11.
h3 O-O 12. Nbd2 Bxc2 13. Re1 e5 14. Nc4 d3 15. Qd2 Re8 16. Ne3 e4 17. Nxc2 dxc2 18. Qxd8 Raxd8 19. Ng5 Rd1 20. Kf1 f5 21. h4 Nb4 22.
Be3 Rxa1 23. Rxa1 Bxb2 0-1

[Event "*** Titled Tuesday Blitz"]
[Site "Chess.com"]
[Date "2019.07.02"]
[Round "8"]
[White "IMAghasiyevKamal"]
[Black "VerdeNotte"]
[Result "1-0"]
[WhiteElo "2554"]
[BlackElo "2807"]
[TimeControl "180+2"]
[EndTime "14:45:29 PDT"]
[Termination "IMAghasiyevKamal won by resignation"]

1. d4 Nf6 2. c4 e6 3. g3 c5 4.
d5 b5 5. dxe6 fxe6 6. Bg2 d5 7.
cxd5 Bb7 8. Nf3 exd5 9. O-O Be7 10. Ng5 Qb6 11. a4 a6 12. Nc3 d4 13. a5 Qa7 14.
Nce4 Nxe4 15. Nxe4 Nd7 16. e3 Nf6 17. Nxf6+ Bxf6 18.
exd4 Bxg2 19. Re1+ Kf8 20. Kxg2 Bxd4 21. Qf3+ Kg8 22.
Qd5+ Kf8 23. Bf4 g6 24. Bd6+ Kg7 25. Re7+ Qxe7 26. Bxe7 Bxb2 27. Re1 Rhe8 28. Qd7 Kh8 29. Bf6+ Bxf6 30. Rxe8+ Rxe8 31. Qxe8+ Kg7 32. Qc6 c4 33. Qxa6 c3 34. Qb7+ Kh6 35. Qxb5 Bg5 36. Qc4 Bd2 37. a6 c2 38. Qxc2 1-0

[Event "*** Titled Tuesday Blitz"]
[Site "Chess.com"]
[Date "2019.07.02"]
[Round "8"]
[White "telarubo96"]
[Black "GuerrieroFromLevant"]
[Result "1-0"]
[WhiteElo "2322"]
[BlackElo "2241"]
[TimeControl "180+2"]
[EndTime "14:45:37 PDT"]
[Termination "telarubo96 won by resignation"]

1. e4 e6 2. d4 d5 3. Bd3 dxe4 4. Bxe4 Nf6 5. Bf3 c5 6. Ne2 Nc6 7. Be3 cxd4 8. Nxd4 Ne5 9. Nc3 a6 10. Qe2 Be7 11. O-O-O Qa5 12. Kb1 O-O 13. h4 Bd7 14. h5 Nxf3 15. gxf3 Bb4 16. Ne4 Nxe4 17. fxe4 e5 18. Nf5 Bxf5 19. exf5 Rac8 20. Rhg1 Be7 21. Qg4 Bf6 22. Bh6 Qc5 23. Bxg7 Qxc2+ 24. Ka1 Qxd1+ 25.
Rxd1 Bxg7 26. f6 1-0

[Event "*** Titled Tuesday Blitz"]
[Site "Chess.com"]
[Date "2019.07.02"]
[Round "8"]
[White "Alex_Terzi"]
[Black "Qvalda"]
[Result "0-1"]
[WhiteElo "2464"]
[BlackElo "2511"]
[TimeControl "180+2"]
[EndTime "14:45:52 PDT"]
[Termination "Qvalda won by resignation"]

1. d4 Nf6 2. Bf4 c5 3. d5 d6 4.
Nc3 g6 5. e4 Bg7 6. Nf3 O-O 7.
Bc4 b5 8. Bxb5 Nxe4 9. Nxe4 Qa5+ 10. c3 Qxb5 11. Qe2 Qxe2+ 12. Kxe2 Ba6+ 13. Kd2 Bc4 14. Rhe1 Bxd5 15. Bg5 Nc6 16. Kc2 h6 17. Bh4 g5 18.
Bg3 Bxe4+ 19. Rxe4 f5 20. Re6 f4 21. Bh4 gxh4 22. Nxh4 Rf6 23. Re4 e5 24. Rd1 Kf7 25. Ra4 a5 26. Nf3 Ke6 27. Nd2 d5 28. Nb3 Bf8 29.
f3 c4 30. Nd2 Rg6 31. Rg1 Bc5 32. Re1 Rxg2 0-1

[Event "*** Titled Tuesday Blitz"]
[Site "Chess.com"]
[Date "2019.07.02"]
[Round "8"]
[White "bluejay1897"]
[Black "dopolian"]
[Result "0-1"]
[WhiteElo "2240"]
[BlackElo "2350"]
[TimeControl "180+2"]
[EndTime "14:46:06 PDT"]
[Termination "dopolian won by resignation"]

1. Nf3 Nf6 2. g3 c5 3. Bg2 d5 4. O-O Nc6 5. d4 e6 6. c4 Be7 7. cxd5 exd5 8. Nc3 O-O 9. Bg5 cxd4 10. Nxd4 h6 11. Bf4 Be6 12. Nxe6 fxe6 13. e4 d4 14. Ne2 e5 15. Bd2 Qb6 16. a3 a5 17. Rb1 Rac8 18. Nc1 Qa6 19. Bh3 Rc7 20.
Re1 Rd8 21. b4 axb4 22. axb4 Qb5 23. Qb3+ Kh8 24. Bf5 d3 25. Qb2 Nd4 26. Kg2 Rc2 0-1

[Event "*** Titled Tuesday Blitz"]
[Site "Chess.com"]
[Date "2019.07.02"]
[Round "8"]
[White "stoleriu"]
[Black "Walter_White_Poland"]
[Result "1-0"]
[WhiteElo "2517"]
[BlackElo "2309"]
[TimeControl "180+2"]
[EndTime "14:46:22 PDT"]
[Termination "stoleriu won by checkmate"]

1. e4 e6 2. d4 d5 3. Nc3 Nf6 4. e5 Nfd7 5. f4 c5 6. Nf3 Nc6 7. Be3 Be7 8. Be2 a6 9. O-O O-O 10. Qd2 Kh8 11. Kh1 Qa5 12. a3 cxd4 13. Nxd4 Nxd4 14.
Bxd4 Nc5 15. b4 Qc7 16. bxc5 Bxc5 17. Bxc5 Qxc5 18. Bd3 Bd7 19. Ne2 Rac8 20. Qb4 a5 21. Qxc5 Rxc5 22. Rab1 Rb8 23. Rb6 Ba4 24. Nd4 Rc3 25. Ra1 g6 26. h3 Kg7 27. Kh2 Kf8 28. Ra2 Ke7 29. Rab2 Rxa3 30. Rxb7+ Rxb7 31. Rxb7+ Kf8 32. Ra7 Be8 33. Ra8 Ke7 34. Nb5 Bxb5 35. Bxb5 Rc3 36. Re8# 1-0

[Event "*** Titled Tuesday Blitz"]
[Site "Chess.com"]
[Date "2019.07.02"]
[Round "8"]
[White "irregularity"]
[Black "INLOVEWITHF"]
[Result "0-1"]
[WhiteElo "2524"]
[BlackElo "2406"]
[TimeControl "180+2"]
[EndTime "14:46:25 PDT"]
[Termination "INLOVEWITHF won by resignation"]

1. Nf3 Nf6 2. b3 g6 3. Bb2 Bg7 4. e3 O-O 5. Be2 d6 6. O-O e5 7. d4 Nc6 8. dxe5 Nd7 9. Nbd2 Ndxe5 10. Nxe5 Nxe5 11. Kh1 Be6 12. c4 Qd7 13. Qc2 f5 14. Rad1 Nc6 15. Ba3 a5 16. Nf3 Nb4 17. Qd2 Qe7 18.
Nd4 Bd7 19. Bf3 c6 20. Bxb4 axb4 21. Ne2 Be5 22. Qxb4 Rxa2 23. Qxb7 g5 24. Nd4 g4 25. Bxc6 Qh4 26. g3 Bxg3 0-1

[Event "*** Titled Tuesday Blitz"]
[Site "Chess.com"]
[Date "2019.07.02"]
[Round "8"]
[White "saraswathii"]
[Black "pandamaster3000"]
[Result "1-0"]
[WhiteElo "2334"]
[BlackElo "2280"]
[TimeControl "180+2"]
[EndTime "14:46:37 PDT"]
[Termination "saraswathii won by resignation"]

1. d4 Nf6 2. Bf4 g6 3. e3 Bg7 4. Nf3 O-O 5. Be2 d6 6. O-O c6 7. h3 Nbd7 8. c3 Qe8 9. Nbd2 e5 10. dxe5 dxe5 11. Bg3 Qe7 12. Nc4 Ne4 13. Bh2 Rd8 14. Qc2 f5 15. a4 b5 16. axb5 cxb5 17. Na5 Qc5 18. Qb3+ Kh8 19. Qxb5 Qxb5 20. Bxb5 Rb8 21. Nc6 Rxb5 22. Nxd8 Kg8 23. Rxa7 Rxb2 24. Nc6 Kf8 25. Ra8 Nb6 26. Rb8 Nxc3 27. Na7 e4 28. Ng5 Ne2+ 29. Kh1 Ke7 30. Rxb6 1-0

[Event "*** Titled Tuesday Blitz"]
[Site "Chess.com"]
[Date "2019.07.02"]
[Round "8"]
[White "LisikValera"]
[Black "vovachesss"]
[Result "0-1"]
[WhiteElo "2448"]
[BlackElo "2674"]
[TimeControl "180+2"]
[EndTime "14:46:46 PDT"]
[Termination "vovachesss won by resignation"]

1. d4 d6 2. c4 g6 3. Nc3 Bg7 4. e4 f5 5. Nf3 Nc6 6. d5 Ne5 7. Be2 Nf6 8. Nxe5 dxe5 9. exf5 gxf5 10. Bh5+ Kf8 11. O-O Nxh5 12. Qxh5 Qe8 13. Qh4 Qg6 14. Bg5 Rg8 15. Bxe7+ Kf7 16. Bc5 Bf8 17. g3 Bxc5 18.
Rae1 e4 19. Kg2 Bd7 20. f3 e3 21. Ne2 Bd6 22. Nd4 Qf6 23. Qxh7+ Rg7 24. Qh5+ Kg8 25. Ne6 Bxe6 26. dxe6 Rh7 0-1

[Event "*** Titled Tuesday Blitz"]
[Site "Chess.com"]
[Date "2019.07.02"]
[Round "8"]
[White "SalgadoChess91"]
[Black "Oleksandr_Bortnyk"]
[Result "0-1"]
[WhiteElo "2832"]
[BlackElo "2947"]
[TimeControl "180+2"]
[EndTime "14:46:48 PDT"]
[Termination "Oleksandr_Bortnyk won by resignation"]

1. d4 d6 2. c4 e5 3. Nf3 e4 4. Nfd2 f5 5. e3 Nf6 6. Nc3 g6 7. Be2 Bh6 8. b4 O-O 9. g3 Nc6 10. b5 Ne7 11. d5 a6 12. Bb2 axb5 13. cxb5 Bg7 14. Qb3 Nd7 15. a4 Nc5 16. Qc2 Qe8 17. Nb3 Nxb3 18. Qxb3 Bd7 19. a5 Qf7 20. Bc4 g5 21. h4 gxh4 22. Rxh4 Ng6 23. Rh1 Ne5 24.
Be2 Bf6 25. Kd2 Qg7 26. Qb4 Rfb8 27. Na4 Be8 28. Bd4 Bf7 29. Nc3 c5 30. bxc6 bxc6 31.
Qxd6 Nf3+ 32. Bxf3 Bxd4 33. exd4 Qxd4+ 34. Kc2 Qd3+ 0-1

[Event "*** Titled Tuesday Blitz"]
[Site "Chess.com"]
[Date "2019.07.02"]
[Round "8"]
[White "resha1988"]
[Black "TST2014"]
[Result "0-1"]
[WhiteElo "2727"]
[BlackElo "2583"]
[TimeControl "180+2"]
[EndTime "14:46:51 PDT"]
[Termination "TST2014 won by resignation"]

1. c4 Nf6 2. Nc3 g6 3. g3 Bg7 4. Bg2 O-O 5. Nf3 d6 6. O-O e5 7. d3 Nc6 8. Rb1 a5 9. a3 h6 10. b4 axb4 11. axb4 Be6 12. b5 Ne7 13. Nd2 c6 14.
bxc6 bxc6 15. Qb3 d5 16. Ba3 Re8 17. Rfc1 Nf5 18. Bb2 h5 19. Qd1 h4 20. Nf3 Bh6 21. Rc2 Nd4 22. Nxe5 Nxc2 23. Qxc2 Qd6 24. Nf3 h3 25.
Bh1 dxc4 26. dxc4 Bf5 27. Qd1 Qb4 28. Na2 0-1

[Event "*** Titled Tuesday Blitz"]
[Site "Chess.com"]
[Date "2019.07.02"]
[Round "8"]
[White "witcher8"]
[Black "Semen_Khanin"]
[Result "0-1"]
[WhiteElo "2444"]
[BlackElo "2722"]
[TimeControl "180+2"]
[EndTime "14:47:03 PDT"]
[Termination "Semen_Khanin won by resignation"]

1. e4 c5 2. Nf3 Nc6 3. d4 cxd4 4. Nxd4 g6 5. Nc3 Bg7 6. Be3 Nf6 7. Bc4 O-O 8. Bb3 Re8 9. O-O d6 10. h3 Na5 11.
Re1 b6 12. Bd5 Nxd5 13. exd5 Bb7 14. Qd3 Rc8 15. Rad1 Nc4 16. Bc1 Qd7 17. f4 Ba6 18. a4 Nxb2 19. Qxa6 Nxd1 20. Rxd1 Rxc3 21. Nc6 Rxc2 22.
Be3 Qf5 23. Qb7 Qe4 24. Bf2 Qxf4 25. Rf1 Qe4 26. Qxa7 Bf6 27. Rd1 Bh4 28. Rf1 Bxf2+ 29.
Rxf2 Qe3 0-1

[Event "*** Titled Tuesday Blitz"]
[Site "Chess.com"]
[Date "2019.07.02"]
[Round "8"]
[White "Synctel"]
[Black "checkmatequen"]
[Result "0-1"]
[WhiteElo "2001"]
[BlackElo "2226"]
[TimeControl "180+2"]
[EndTime "14:47:03 PDT"]
[Termination "checkmatequen won on time"]

1. d4 Nf6 2. Nf3 e6 3. e3 c5 4. Bd3 Be7 5. Nbd2 O-O 6. O-O b6 7. b3 Bb7 8. Bb2 d6 9. c4 Nbd7 10. e4 cxd4 11. Nxd4 Rc8 12. Re1 a6 13. Nf1 Nc5 14.
Ng3 g6 15. Bc2 h5 16. Qd2 h4 17. b4 hxg3 18. bxc5 gxf2+ 19. Qxf2 bxc5 20. Nf3 e5 21. Rad1 Kg7 22. Nxe5 Qb6 23. Nd7 Qxb2 24. Rb1 Qxa2 25. Rxb7 Nxd7 26. Rxd7 Bf6 27. Kh1 Bd4 28. Qe2 Rb8 29.
Rxd6 Rb2 30. Rc1 Rfb8 31. e5 Rxc2 0-1